 Dungeon Crawl Stone Soup version 0.20.1-1-g8b1a95d (webtiles) character file.

142 Irenicus the Chopper (level 5, 0/46 HPs)
             Began as a Deep Dwarf Monk on Nov 4, 2017.
             Slain by an orc
             ... wielding a +0 club
              (1 damage)
             ... on level 4 of the Dungeon.
             The game lasted 00:03:31 (1059 turns).

Irenicus the Chopper (Deep Dwarf Monk)              Turns: 1059, Time: 00:03:32

Health: 0/46       AC:  2    Str: 14    XL:     5   Next: 3%
Magic:  3/3        EV: 14    Int: 11    God:
Gold:   145        SH:  0    Dex: 16    Spells: 4/4 levels left

rFire    . . .     SeeInvis .   a - +0 hand axe
rCold    . . .     Gourm    .   (no shield)
rNeg     . . .     Faith    .   b - +0 robe
rPois    .         Spirit   .   (no helmet)
rElec    .         Reflect  .   (no cloak)
rCorr    .         Harm     .   (no gloves)
MR       .....                  (no boots)
Stlth    ++........             e - amulet of magic regeneration
Regen    0.0/turn               (no ring)
MPRegen  0.2/turn               (no ring)

@: non-regenerating
A: damage resistance, heal wounds, sense surroundings 1, no regeneration
a: Heal Wounds


You were on level 4 of the Dungeon.
You were hungry.

You visited 1 branch of the dungeon, and saw 4 of its levels.

You collected 145 gold pieces.

Inventory:

Hand Weapons
 a - a +0 hand axe (weapon)
Armour
 b - a +0 robe (worn)
Jewellery
 e - an amulet of magic regeneration (around neck)
Scrolls
 h - 4 scrolls of identify {unknown}
 i - 2 scrolls of remove curse {unknown}
 k - a scroll of enchant armour {unknown}
Potions
 g - a potion of heal wounds {unknown}
 m - a potion of curing {unknown}
Comestibles
 c - 2 bread rations
 d - a meat ration
 f - 2 royal jellies
 j - 7 fruits


   Skills:
 - Level 2.6 Fighting
 + Level 6.1 Axes
 - Level 3.2 Dodging
 - Level 3.0 Stealth


You had 4 spell levels left.
You didn't know any spells.

Dungeon Overview and Level Annotations

Branches:
Dungeon (4/15)
 Temple: D:4-7

Altars:
Gozag


Innate Abilities, Weirdness & Mutations

You are resistant to damage.
You can heal yourself by infusing magical energy.
You passively map a small area around you.
You do not regenerate.


Message History

You hit the worm but do no damage.
The worm is severely wounded.
The worm bites you!
* * * LOW HITPOINT WARNING * * *
You hit the worm.
The worm is almost dead.
You hit the worm but do no damage.
The worm is almost dead.
The worm completely misses you.
You hit the worm.
The worm is almost dead.
You hit the worm but do no damage.
The worm is almost dead.
You hit the orc. The orc hits you with a club.
* * * LOW HITPOINT WARNING * * *
The worm barely misses you.
You hit the worm.
You kill the worm!
You hit the orc but do no damage. The orc hits you with a club.
You die...

, , , , ,, , ,, .a.. ,
...... .... , ....######
....., ....#*
#....#...#,....., #...##
#....#...#...... * *
.....# #...(#...#...(..
.....####....#...o..(...
,
.....+.##....#..@..(..(.
*
.....#.##...............
,*
.....#.##...##..........
.........(..####........
*, ...#........#
......... *
...#.....#### .........,
...#........ .........
...###....... ....#...##
, ...# #....... , ,


You could see a worker ant (wandering) and an orc.

Vanquished Creatures
  Jessica (D:2)
  A worker ant (D:4)
  A worker ant zombie (D:4)
  4 gnolls (D:2)
  2 adders (D:2)
  A worm (D:4)
  2 giant cockroaches (D:1)
  A goblin (D:1)
  3 hobgoblins
  2 bats
  6 frilled lizards
  A jackal zombie (D:4)
  3 kobolds
  5 rats
33 creatures vanquished.

Notes
Turn   | Place    | Note
-------+----------+-------------------------------------------
     0 | D:1      | Irenicus the Deep Dwarf Monk began the quest for the Orb.
     0 | D:1      | Reached XP level 1. HP: 20/20 MP: 1/1
   238 | D:1      | Reached XP level 2. HP: 22/27 MP: 2/2
   488 | D:3      | Found an opulent altar of Gozag.
   522 | D:2      | Reached skill level 4 in Axes
   596 | D:2      | Reached XP level 3. HP: 12/33 MP: 3/3
   679 | D:2      | Reached skill level 5 in Axes
   702 | D:2      | Reached XP level 4. HP: 31/40 MP: 2/2
   832 | D:2      | Noticed Jessica
   839 | D:2      | Killed Jessica
  1023 | D:4      | Reached skill level 6 in Axes
  1023 | D:4      | Reached XP level 5. HP: 18/46 MP: 3/3
  1058 | D:4      | HP: 1/46 [orc/club (3)]
  1059 | D:4      | Slain by an orc

Skill      XL: |  1  2  3  4 |
---------------+-------------+-----
Stealth        | 3 |  3.0
Axes           | 4 5 6 |  6.1
Fighting       | |  2.6
Dodging        | |  3.2

Action                   |  1- 3 |  4- 6 || total
-------------------------+-------+-------++-------
Melee: Hand axe          |   108 |    54 ||   162
Throw: Tomahawk          |     5 |     4 ||     9
 Abil: Heal Wounds       |     2 |       ||     2
  Use: Scroll            |     1 |       ||     1
       Potion            |     1 |       ||     1
 Stab: Sleeping          |     5 |     1 ||     6
Armor: Robe              |    14 |     5 ||    19
Dodge: Dodged            |    55 |    57 ||   112
